 Dungeon Crawl Stone Soup version 0.27-a0-96-gb51a1d6fd6 (webtiles) character file.

Game seed: 14637946469142612798

289 knot the Chopper (level 6, 37/47 HPs)
             Began as a Demonspawn Berserker on Jan 19, 2021.
             Was a Believer of Trog.
             Quit the game on level 4 of the Dungeon.
             The game lasted 00:04:35 (4385 turns).

knot the Chopper (Demonspawn Berserker)             Turns: 4385, Time: 00:04:36

Health: 37/47      AC:  6    Str: 15    XL:     6   Next: 9%
Magic:  15/15      EV: 12    Int: 11    God:    Trog [**....]
Gold:   108        SH:  0    Dex: 12    Spells: 5/5 levels left

rFire    . . .     SeeInvis .   a - +0 hand axe
rCold    . . .     Faith    .   (no shield)
rNeg     . . .     Spirit   .   b - +0 animal skin
rPois    .         Reflect  .   (helmet restricted)
rElec    +         Harm     .   (no cloak)
rCorr    .         Rampage  .   (no gloves)
Will     .....                  (no boots)
Stlth    +.........             (no amulet)
HPRegen  0.15/turn              q - ring of magical power
MPRegen  0.14/turn              s - +4 ring of protection

@: mildly poisoned (37 -> 34)
A: antennae 1, sense surroundings 1, electricity resistance, spiny 1, weak 1
a: Renounce Religion, Berserk, Trog's Hand


You were on level 4 of the Dungeon.
You worshipped Trog.
Trog was pleased with you.
You visited 1 branch of the dungeon, and saw 4 of its levels.

You collected 108 gold pieces.

Inventory:

Hand Weapons
 a - a +0 hand axe (weapon)
Missiles
 f - 148 stones
 h - 6 javelins (quivered)
 r - 2 boomerangs
Armour
 b - a +0 animal skin (worn)
 m - a +0 ring mail
Jewellery
 q - a ring of magical power (left hand)
 s - a +4 ring of protection (right hand)
Scrolls
 d - 3 scrolls of identify
 e - a scroll of remove curse {unknown}
 g - 3 scrolls of teleportation {unknown}
 i - 2 scrolls of fear
 j - a scroll of amnesia {unknown}
 k - a scroll of fog
 n - a scroll of magic mapping
Potions
 c - a potion of curing
 l - a potion of haste


   Skills:
 - Level 3.0 Fighting
 + Level 6.3 Axes
 - Level 1.7 Armour
 - Level 1.7 Dodging


You had 5 spell levels left.
You didn't know any spells.
Your spell library was empty.

Dungeon Overview and Level Annotations

Branches:
Dungeon (4/15)
 Temple: D:4-7

Altars:
Elyvilon
Qazlal
Ru
Trog


Innate Abilities, Weirdness & Mutations

You have a pair of small antennae on your head.
You are partially covered in sharp spines.
You passively map a small area around you.
You are resistant to electric shocks. (rElec)
You are weak. (Str -2)


Message History

You throw a javelin.
The javelin pierces through the worker ant but does no damage.
The worker ant is severely wounded.
You feel sick. The worker ant closely misses you. x2
You hit the worker ant.
The worker ant is almost dead.
The worker ant bites you but does no damage.
You hit the worker ant.
You kill the worker ant!
Trog accepts your kill.
You hit the leopard gecko.
You kill the leopard gecko!
Trog accepts your kill.
You have reached level 6!
Your experience leads to an increase in your attributes!
Your base attributes are Str 17, Int 10, Dex 12.
Increase (S)trength, (I)ntelligence, or (D)exterity?
You feel clever.
Your demonic ancestry asserts itself...
Sharp spines emerge from parts of your body.
Are you sure you want to abandon this character and quit the game? (Confirm with "yes".)

**,,,,****,,,*#B###≈≈≈**≈*≈*
*,,,,,,,,,,,,*#.# *≈*≈**≈*≈*
*,***,****>,,*#.# *≈*≈*≈≈*≈*
*,* *,* *****#.# *≈*≈*≈**≈*
*,* *<* ###.###≈*≈*≈≈≈≈*** *,*
*,* #(....#≈*≈*≈****,, *,* *,*
#)#..l#≈*≈≈≈≈≈≈*** *,* *,*
#.#####*******≈* *,* *,*
***#@#***≈≈≈≈≈≈≈≈≈* *,* *,*
#...†...#≈≈*≈*≈****** *,***,**
#.........≈.≈≈≈≈≈,,,,
*,,,,,,**#...........,,≈,,,,**
*****,,,.?...........,,,,,,,*
**,###...........**,***** *,*
#........###**,* *,*
#........#****,*
*,******,,,,,,,,,,,*


There were no monsters in sight!

Vanquished Creatures
  The ghost of Morgoth the Slasher, an amateur DgDe (D:3)
  2 orc priests (D:3)
  A worker ant (D:4)
  4 adders
  A worm (D:3)
  4 leopard geckos
  10 orcs
  4 giant cockroaches
  5 goblins
  6 hobgoblins
  7 jackals
  7 kobolds
  A quokka (D:4)
  A ball python (D:1)
  7 bats
  7 frilled lizards
  4 rats
72 creatures vanquished.

Notes
Turn   | Place    | Note
-------+----------+-------------------------------------------
     0 | D:1      | knot the Demonspawn Berserker began the quest for the Orb.
     0 | D:1      | Reached XP level 1. HP: 18/18 MP: 1/1
   385 | D:1      | Reached skill level 3 in Axes
   554 | D:1      | Gained mutation: You have a pair of small antennae on your
                  | head. [demonic ancestry]
   554 | D:1      | Reached XP level 2. HP: 22/24 MP: 2/2
  1277 | D:1      | Reached XP level 3. HP: 29/29 MP: 3/3
  1295 | D:2      | Found a sacrificial altar of Ru.
  1305 | D:2      | Found a white marble altar of Elyvilon.
  1580 | D:2      | Reached skill level 4 in Axes
  2381 | D:3      | Found a stormy altar of Qazlal.
  2532 | D:3      | Reached XP level 4. HP: 35/35 MP: 4/4
  2599 | D:3      | Reached ** piety under Trog
  3075 | D:3      | Noticed Morgoth's ghost (amateur DgDe)
  3091 | D:3      | Found a runed translucent door.
  3184 | D:3      | Reached skill level 5 in Axes
  3414 | D:3      | Reached XP level 5. HP: 41/41 MP: 5/5
  3416 | D:3      | Found a faded altar of an unknown god.
  3965 | D:3      | Gained mutation: You are weak. (Str -2) [potion of
                  | mutation]
  3965 | D:3      | Gained mutation: You passively map a small area around you.
                  | [potion of mutation]
  3965 | D:3      | Gained mutation: You are resistant to electric shocks.
                  | (rElec) [potion of mutation]
  4127 | D:3      | Killed Morgoth's ghost
  4128 | D:3      | Reached skill level 6 in Axes
  4311 | D:4      | Found a bloodstained altar of Trog.
  4385 | D:4      | Gained mutation: You are partially covered in sharp spines.
                  | [demonic ancestry]
  4385 | D:4      | Reached XP level 6. HP: 37/47 MP: 6/6
  4385 | D:4      | Quit the game

Illustrated notes

Levels and vault maps discovered:
D:1:      dpeg_arrival_tiny_a, layout_basic
D:2:      layout_basic, nicolae_ru_awakened_eye, chequers_serial_rivers_small_3,
          elyvilon_altar_3
D:3:      layout_basic, chequers_ecumenical_altar_simple,
          hellmonk_ghost_happy_afterlife, nicolae_qazlal_eye_of_the_storm
D:4:      layout_loops_ring, lightli_sewer_entry_pipes, bloody_trog

Skill      XL: |  1  2  3  4  5 |
---------------+----------------+-----
Axes           | 3 4 5 6 |  6.3
Fighting       | |  3.0
Armour         | |  1.7
Dodging        | |  1.7

Action                   |  1- 3 |  4- 6 || total
-------------------------+-------+-------++-------
Melee: Hand axe          |   126 |   102 ||   228
Throw: Javelin           |       |     2 ||     2
Invok: Berserk           |     3 |     4 ||     7
       Trog's Hand       |       |     2 ||     2
  Use: Potion            |       |     7 ||     7
       Scroll            |       |     5 ||     5
 Stab: Sleeping          |     4 |       ||     4
Armor: Animal skin       |    33 |    23 ||    56
Dodge: Dodged            |   106 |    56 ||   162

Table legend: (Time is in decaauts)
 A = Elapsed time spent in this place.
 B = Non-inter-level travel time spent in this place.
 C = Inter-level travel time spent in this place.
 D = Time resting spent in this place.
 E = Time spent auto-exploring this place.
 F = Levels seen in this place.
 G = Mean time per level.
                   A        B        C        D        E       F      G
               +--------+--------+--------+--------+--------+-----+--------+
         Total |   4473 |   4432 |     41 |   1531 |   2273 |   4 | 1118.2 |
       Dungeon |   4473 |   4432 |     41 |   1531 |   2273 |   4 | 1118.2 |
               +--------+--------+--------+--------+--------+-----+--------+

Top non-repeatable levels by time:
     D:3: 1780 daAuts
     D:1: 1644 daAuts
     D:2: 932 daAuts
     D:4: 116 daAuts
